Map: [ESL] Gresvan

Players

Maru - Winner!

  • Race: Terran Terran
  • Spawn Location: 5:00

Spirit

  • Race: Terran Terran
  • Spawn Location: 11:00

Event: ESL SC2 Masters 2023 Summer (Finals)

VOD

Have the link to the VOD?

Description

Time

  • Played on: June 16, 2023, 7:07 a.m.
  • Length: 23:03

All games in this series

Show
View Real Time Build Order
Export as new Build Order

Maru Terran - Winner!

Build Orders:  

Get SALT Encoding   

  12  0:00  SCV  
  13  0:12  SCV  
  14  0:17  Supply Depot  
  14  0:24  SCV  
  15  0:38  SCV  
  15  0:40  Barracks  
  16  0:43  Refinery  
  16  0:50  SCV  
  16  0:52  Refinery  
  17  1:03  SCV  
  18  1:15  SCV  
  19  1:26  Reaper  
  19  1:27  Orbital Command  
  19  1:31  Supply Depot  
  20  1:43  Factory  
  20  1:52  SCV  
  21  1:59  Barracks Reactor  
  21  2:04  SCV  
  22  2:16  SCV  
  23  2:23  Command Center  
  23  2:27  Hellion  
  23  2:28  SCV  
  26  2:37  Supply Depot, Reaper  
  26  2:38  Reaper  
  26  2:41  SCV  
  29  2:48  Hellion  
  31  2:58  SCV, Starport  
  32  3:09  Marine  
  32  3:10  Marine, Factory Tech Lab  
  32  3:11  SCV  
  35  3:23  SCV  
  36  3:28  Marine  
  36  3:29  Marine  
  36  3:34  Cyclone, Starport Tech Lab  
  38  3:35  SCV  
  38  3:40  Orbital Command  
  40  3:52  Raven  
  40  3:54  SCV  
  43  4:03  Command Center  
  43  4:06  SCV x2  
  45  4:18  SCV  
  45  4:22  Barracks  
  45  4:23  Marine  
  47  4:24  Stimpack  
  47  4:25  Barracks  
  47  4:26  SCV  
  47  4:31  Raven, SCV  
  50  4:37  Supply Depot  
  50  4:38  SCV  
  52  4:40  Factory Reactor  
  52  4:43  SCV  
  53  4:50  Supply Depot, SCV  
  54  4:54  Refinery  
  54  4:58  Engineering Bay, Marine, SCV  
  54  4:59  Engineering Bay  
  56  5:05  SCV  
  57  5:10  Marine x2, SCV  
  59  5:15  Starport Reactor  
  59  5:16  Orbital Command  
  59  5:18  SCV  
  60  5:23  SCV  
  60  5:24  Siege Tank  
  60  5:26  Marine  
  65  5:28  Marine  
  65  5:31  Marine  
  65  5:32  SCV  
  65  5:35  SCV  
  69  5:36  Terran Infantry Weapons Level 1  
  69  5:41  Terran Infantry Armor Level 1  
  69  5:44  Supply Depot, SCV x2  
  69  5:47  Marine  
  69  5:49  Refinery  
  71  5:50  Marine  
  71  5:54  SCV  
  71  5:56  SCV, Medivac  
  76  5:58  Orbital Command  
  76  6:00  Marine  
  77  6:06  SCV  
  77  6:08  Combat Shield  
  77  6:09  Barracks, Marine, SCV  
  80  6:11  Barracks  
  80  6:13  Supply Depot  
  80  6:17  Marine x2, Medivac  
  84  6:18  Marine  
  84  6:19  Marine  
  84  6:21  SCV  
  84  6:22  SCV  
  84  6:24  SCV  
  89  6:28  Marine, Siege Tank  
  93  6:35  SCV  
  93  6:38  Marine x2  
  93  6:39  SCV  
  97  6:43  Marine x2  
  97  6:45  SCV  
  100  6:47  SCV  
  100  6:48  Supply Depot x2  
  100  6:53  SCV  
  101  6:57  Marine  
  101  6:58  Marine x2  
  101  7:00  Barracks Reactor x2  
  101  7:01  Siege Tank, SCV x2  
  99  7:05  SCV  
  99  7:06  Armory  
  100  7:09  Medivac  
  100  7:13  SCV  
  100  7:15  Marine x3  
  105  7:16  Marine  
  105  7:17  SCV  
  105  7:18  SCV  
  109  7:23  Medivac  
  109  7:24  Marine  
  109  7:25  SCV  
  109  7:28  Missile Turret  
  109  7:29  SCV  
  114  7:30  SCV  
  114  7:31  Supply Depot  
  114  7:32  Refinery x2  
  114  7:33  Marine x2  
  114  7:36  Supply Depot  
  117  7:41  Marine  
  117  7:42  Siege Tank, SCV  
  122  7:45  Marine x3  
  122  7:50  Marine  
  125  7:53  Marine x4  
  126  7:58  Terran Infantry Weapons Level 2  
  126  7:59  Marine  
  127  8:07  Supply Depot  
  127  8:18  Marine  
  119  8:20  Marine  
  119  8:27  Command Center, Siege Tank  
  118  8:28  Marine x7  
  114  8:36  Marine  
  114  8:37  Marine, Supply Depot  
  116  8:43  Terran Infantry Armor Level 2  
  116  8:44  Terran Vehicle Weapons Level 1  
  116  8:46  Marine x3  
  119  8:54  Marine  
  120  8:55  Marine  
  120  8:59  Siege Tank  
  120  9:00  Barracks Reactor  
  120  9:01  Marine, Supply Depot  
  120  9:02  Factory  
  125  9:04  Marine x2  
  125  9:05  Marine  
  125  9:07  SCV  
  125  9:08  SCV  
  130  9:14  Marine x3  
  133  9:22  Medivac  
  132  9:25  Marine x2  
  132  9:29  Marine  
  126  9:31  Siege Tank  
  126  9:34  Marine x2  
  123  9:42  Marine  
  111  9:47  Marine x2  
  111  9:48  Siege Tank  
  111  9:49  Marine  
  111  9:52  Marine  
  101  10:00  Missile Turret  
  101  10:01  Viking  
  101  10:03  SCV  
  104  10:09  Marine  
  104  10:11  Missile Turret  
  105  10:14  Orbital Command  
  105  10:16  Marine  
  105  10:21  Siege Tank  
  109  10:25  SCV x2  
  109  10:26  Marine  
  109  10:27  Marine  
  113  10:30  Marine x3  
  116  10:35  Marine  
  116  10:37  SCV x2  
  119  10:46  Marine x4  
  119  10:47  Marine x2  
  124  10:52  Terran Infantry Weapons Level 3  
  124  11:03  Marine x2  
  122  11:04  Terran Infantry Armor Level 3  
  122  11:09  Siege Tank  
  122  11:10  Siege Tank  
  128  11:15  SCV  
  128  11:16  SCV x2  
  131  11:24  Command Center  
  131  11:33  Refinery, SCV x2  
  131  11:36  SCV  
  134  11:41  Siege Tank  
  134  11:44  Marine x3, Siege Tank  
  134  11:45  SCV  
  134  11:46  Viking  
  134  11:47  Supply Depot  
  146  11:49  Viking  
  148  12:02  SCV x2  
  148  12:04  Starport x2  
  148  12:06  Sensor Tower  
  150  12:11  Marine  
  150  12:12  Marine x2  
  139  12:15  Marine, Siege Tank  
  139  12:16  Marine x3  
  139  12:20  Terran Vehicle Weapons Level 2  
  142  12:24  Viking  
  142  12:26  SCV x3  
  147  12:31  Missile Turret  
  147  12:35  Viking  
  149  12:38  SCV  
  150  12:45  SCV x2  
  150  12:46  Starport Tech Lab x2  
  150  12:50  SCV  
  150  12:51  Marine  
  153  12:57  SCV x2  
  153  12:58  Planetary Fortress  
  153  13:02  SCV  
  154  13:06  Raven x2  
  158  13:14  Supply Depot  
  158  13:18  Missile Turret  
  157  13:27  Command Center  
  157  13:30  Viking x2  
  161  13:39  Missile Turret  
  161  13:40  Missile Turret  
  161  13:42  Raven x2  
  161  13:48  Missile Turret x2  
  165  14:01  Marine  
  165  14:02  Marine x4  
  170  14:03  Sensor Tower  
  170  14:04  Siege Tank  
  173  14:10  Missile Turret  
  173  14:11  Missile Turret  
  173  14:13  Siege Tank  
  173  14:15  Command Center  
  176  14:18  Raven x2  
  176  14:19  Marine  
  176  14:21  Marine x2  
  183  14:25  Refinery  
  183  14:27  Refinery  
  183  14:29  Marine x2  
  185  14:34  Hi-Sec Auto Tracking, Neosteel Armor  
  181  14:49  Marine, Siege Tank x2  
  181  14:50  Marine x4  
  181  14:51  Viking  
  181  14:52  Viking  
  184  15:13  Viking x2  
  188  15:14  Sensor Tower  
  188  15:17  Armory  
  188  15:21  Viking, Refinery  
  188  15:22  Viking, Refinery  
  188  15:23  Sensor Tower  
  188  15:24  Missile Turret  
  188  15:25  Planetary Fortress  
  192  15:36  Missile Turret  
  192  15:40  Siege Tank x2  
  198  15:51  Missile Turret  
  198  15:53  Viking  
  198  15:56  Starport  
  200  15:57  Starport  
  196  16:16  Armory  
  196  16:17  Armory  
  182  16:39  Siege Tank x2  
  182  16:40  Raven  
  182  16:41  Raven  
  176  16:47  Viking x2  
  176  16:49  Marine x10  
  190  17:04  Planetary Fortress  
  190  17:06  SCV x2  
  192  17:10  Refinery  
  192  17:11  Siege Tank  
  192  17:13  Starport Tech Lab x2  
  192  17:14  Terran Vehicle Weapons Level 3  
  192  17:15  Raven  
  197  17:20  Marine x3  
  200  17:28  Terran Vehicle And Ship Armor Level 1  
  200  17:38  Missile Turret x3  
  200  17:39  Missile Turret  
  200  17:54  Missile Turret x2  
  200  17:55  Missile Turret  
  200  17:56  Missile Turret  
  200  17:59  Missile Turret  
  200  18:03  Fusion Core  
  200  18:08  Command Center  
  200  18:23  Command Center  
  200  18:25  Missile Turret  
  200  18:27  Missile Turret  
  200  18:43  Command Center  
  200  18:46  Command Center  
  199  19:02  Raven  
  199  19:04  Missile Turret  
  199  19:07  Missile Turret  
  190  19:20  Marine x6  
  190  19:24  Marine x2  
  177  19:26  Siege Tank  
  176  19:32  Marine x2  
  176  19:35  Viking x2, Raven x3  
  176  19:38  Marine x5  
  152  19:54  Raven  
  152  19:56  Marine x4, Siege Tank  
  146  20:07  Marine  
  146  20:08  Marine x5, Siege Tank  
  146  20:09  Raven x2  
  146  20:10  Medivac x2  
  146  20:11  Raven  
  146  20:12  Terran Ship Weapons Level 1, Terran Vehicle And Ship Armor Level 2  
  146  20:13  Marine  
  146  20:14  Marine  
  162  20:18  Orbital Command  
  163  20:22  Orbital Command  
  163  20:28  Orbital Command, Siege Tank  
  163  20:30  Planetary Fortress  
  166  20:36  Marine, Raven  
  166  20:40  Medivac x2  
  172  20:43  Raven  
  172  20:44  SCV x3  
  177  20:50  Marine  
  177  20:51  Marine x3  
  177  20:53  Marine x2, Siege Tank  
  186  20:57  Marine x2  
  186  20:58  Marine x2  
  186  21:00  Siege Tank  
  186  21:03  Orbital Command  
  193  21:08  Marine x2  
  191  21:12  Marine x4  
  191  21:15  Marine x2  
  196  21:23  Raven x2  
  196  21:25  Siege Tank  
  197  21:29  Marine x3  
  200  21:38  Orbital Command  
  192  21:42  Marine x2  
  192  21:43  Marine  
  192  21:44  Marine x3  
  192  21:46  Marine  
  193  21:49  Viking, Raven x2  
  193  21:50  Marine  
  200  22:05  Marine, Siege Tank  
  200  22:07  Marine x2  
  197  22:13  Marine  
  193  22:20  Marine x4  
  178  22:24  Marine x2  
  178  22:25  Marine x2  
  178  22:27  Marine  
  178  22:28  Siege Tank  
  183  22:34  Marine  
  159  22:38  Marine x4  
  159  22:42  Marine x2  
  153  22:45  Marine x3  
  147  23:00  Refinery x2  
Show
View Real Time Build Order
Export as new Build Order

Spirit Terran 

Build Orders: Cyclone Opening 

Get SALT Encoding   

  12  0:00  SCV  
  13  0:12  SCV  
  14  0:17  Supply Depot  
  14  0:24  SCV  
  15  0:39  Barracks, SCV  
  15  0:42  Refinery  
  16  0:51  SCV  
  16  0:52  Refinery  
  17  1:03  SCV  
  18  1:15  SCV  
  19  1:26  Reaper  
  19  1:27  Orbital Command  
  19  1:32  Supply Depot  
  20  1:42  Factory  
  20  1:53  SCV  
  21  1:58  Reaper  
  22  2:05  SCV  
  23  2:17  SCV  
  24  2:24  Command Center  
  24  2:26  Factory Tech Lab  
  24  2:29  SCV  
  25  2:33  Barracks Reactor  
  25  2:41  SCV  
  26  2:45  Cyclone  
  26  2:50  Supply Depot  
  29  2:53  SCV  
  31  3:05  SCV  
  31  3:11  Marine x2  
  33  3:16  Refinery  
  33  3:17  Siege Tank  
  33  3:19  Starport  
  36  3:23  SCV  
  37  3:29  Marine x2  
  39  3:36  SCV  
  38  3:42  Orbital Command  
  38  3:47  Marine x2  
  38  3:48  SCV  
  41  3:56  Factory Tech Lab  
  41  4:00  SCV  
  42  4:04  Raven  
  42  4:07  Marine x2  
  42  4:09  SCV  
  47  4:12  SCV  
  48  4:18  Supply Depot  
  48  4:21  SCV  
  49  4:24  SCV  
  49  4:30  Factory Reactor  
  50  4:32  Barracks  
  50  4:33  SCV  
  50  4:36  Barracks  
  50  4:37  Stimpack  
  50  4:38  Raven, SCV  
  54  4:45  SCV  
  54  4:50  Supply Depot  
  54  4:51  SCV  
  56  4:57  SCV  
  57  5:03  SCV  
  57  5:05  Command Center  
  58  5:10  SCV  
  58  5:11  Marine  
  58  5:12  Raven  
  62  5:17  Supply Depot, SCV  
  63  5:21  Marine  
  63  5:22  SCV  
  63  5:26  Engineering Bay  
  65  5:29  Engineering Bay, SCV  
  65  5:34  Marine x3, SCV  
  69  5:36  Marine  
  69  5:39  Refinery  
  69  5:41  Supply Depot  
  70  5:42  Marine  
  71  5:51  Siege Tank  
  71  5:52  Marine x2  
  71  5:53  SCV  
  71  5:56  Terran Infantry Weapons Level 1  
  76  5:57  Starport Reactor  
  76  5:59  Terran Infantry Armor Level 1  
  76  6:00  SCV  
  76  6:01  Marine  
  78  6:04  Marine x2  
  78  6:10  Marine  
  81  6:11  SCV  
  81  6:12  Supply Depot  
  81  6:14  Marine  
  81  6:17  Combat Shield  
  83  6:18  Marine  
  83  6:19  Orbital Command  
  83  6:21  SCV  
  83  6:22  Marine  
  83  6:23  SCV  
  87  6:30  Marine, Siege Tank  
  91  6:33  SCV  
  91  6:34  Medivac  
  91  6:36  SCV  
  91  6:38  Marine  
  93  6:43  Marine x2  
  93  6:45  SCV x2  
  93  6:46  Marine  
  96  6:48  Marine  
  96  6:50  SCV  
  96  6:56  Marine  
  96  7:00  Medivac  
  97  7:01  Marine x2  
  97  7:02  Orbital Command, Siege Tank  
  97  7:03  Marine  
  97  7:04  Medivac  
  97  7:06  Marine  
  106  7:09  Armory, SCV  
  106  7:10  SCV  
  106  7:14  Marine  
  109  7:24  Marine x2, SCV  
  109  7:25  Supply Depot  
  109  7:28  SCV x2  
  114  7:30  Marine  
  114  7:36  SCV  
  116  7:38  Liberator  
  116  7:39  Liberator  
  116  7:40  SCV  
  116  7:42  SCV  
  124  7:48  Supply Depot, SCV  
  124  7:50  Supply Depot  
  125  7:52  Marine x4  
  125  7:53  SCV  
  130  8:00  Siege Tank  
  130  8:02  Marine  
  130  8:12  Marine x3  
  133  8:18  Marine  
  121  8:30  Marine  
  121  8:32  Siege Tank  
  114  8:36  Command Center  
  114  8:38  Terran Infantry Weapons Level 2, Terran Infantry Armor Level 2  
  105  8:46  Marine  
  106  8:50  Medivac x2  
  106  8:51  Marine  
  106  8:52  Marine  
  106  8:54  Marine x2  
  114  9:04  Marine  
  114  9:06  Barracks  
  114  9:08  Barracks  
  115  9:12  Marine  
  115  9:13  Marine  
  115  9:16  Marine, Siege Tank  
  121  9:17  Marine  
  121  9:22  Marine  
  113  9:29  Marine  
  100  9:31  Marine  
  100  9:33  Marine  
  100  9:35  Marine  
  100  9:36  Barracks x2  
  103  9:39  Marine  
  101  9:47  Marine  
  101  9:48  Siege Tank  
  101  9:49  Marine  
  101  9:51  Marine  
  103  9:53  Marine  
  103  9:57  Marine  
  100  10:04  Viking  
  100  10:05  Viking, Marine  
  105  10:07  Marine  
  105  10:09  Marine  
  107  10:15  Missile Turret, Marine  
  107  10:16  Missile Turret  
  107  10:17  Marine  
  107  10:18  SCV  
  110  10:22  Supply Depot  
  110  10:24  Barracks Reactor x2, Supply Depot x2  
  110  10:30  SCV  
  110  10:33  Marine  
  110  10:34  Missile Turret  
  112  10:46  Marine  
  112  10:48  Viking x2  
  112  10:49  Marine  
  116  10:54  Sensor Tower  
  116  10:55  Orbital Command  
  114  10:59  Marine  
  114  11:03  Marine  
  112  11:13  Command Center  
  112  11:14  Terran Infantry Weapons Level 3  
  112  11:17  Terran Infantry Armor Level 3  
  111  11:21  Viking  
  111  11:24  Viking  
  115  11:26  Marine  
  115  11:30  Refinery x2, Marine x2  
  118  11:34  Siege Tank  
  118  11:39  Marine x4  
  124  11:41  Marine x2  
  124  11:44  Marine  
  127  11:47  Marine x2  
  128  11:55  SCV  
  128  11:57  Refinery, Marine x2, Supply Depot  
  128  11:58  Supply Depot  
  131  12:04  Marine  
  131  12:05  Terran Vehicle Weapons Level 1  
  131  12:06  Siege Tank  
  135  12:10  Marine  
  135  12:15  SCV x3  
  135  12:16  Marine  
  135  12:17  Marine x6  
  141  12:24  Liberator x2  
  141  12:27  SCV x3  
  141  12:28  Marine  
  151  12:34  Marine  
  151  12:36  Marine  
  153  12:38  Siege Tank  
  153  12:39  SCV  
  153  12:40  SCV x2  
  153  12:41  Supply Depot  
  157  12:51  Marine, SCV  
  158  12:52  SCV x2  
  158  12:58  Marine  
  158  13:03  Command Center  
  158  13:04  SCV x3  
  158  13:05  Planetary Fortress  
  161  13:06  Sensor Tower  
  161  13:09  Viking  
  163  13:14  Viking  
  163  13:16  SCV  
  163  13:18  SCV x2  
  168  13:21  Siege Tank  
  171  13:27  Refinery x2, Factory  
  171  13:29  Armory  
  171  13:33  Fusion Core  
  171  13:35  SCV x3  
  171  13:37  Marine  
  175  13:41  SCV  
  175  13:44  Viking  
  175  13:45  Viking  
  175  13:47  SCV  
  181  13:49  SCV  
  181  13:51  Starport  
  181  13:54  Starport, SCV  
  183  13:57  Siege Tank  
  183  14:01  SCV  
  187  14:03  Supply Depot  
  187  14:06  Terran Vehicle Weapons Level 2  
  187  14:10  Bunker  
  187  14:13  Factory Tech Lab  
  189  14:21  Advanced Ballistics  
  189  14:22  Terran Vehicle And Ship Armor Level 1  
  187  14:29  Command Center, Siege Tank  
  190  14:31  Starport Reactor  
  190  14:33  Starport Reactor  
  190  14:36  Refinery  
  190  14:37  Sensor Tower  
  190  14:38  Missile Turret, Refinery  
  185  14:49  Planetary Fortress  
  185  14:54  Command Center  
  185  14:59  Missile Turret, Refinery  
  185  15:00  Viking  
  185  15:05  Viking  
  189  15:07  Viking  
  189  15:13  Neosteel Armor  
  191  15:16  Viking  
  191  15:19  Viking  
  195  15:22  Supply Depot  
  195  15:31  Smart Servos  
  195  15:35  SCV  
  196  15:40  Viking, SCV x2  
  200  15:47  Command Center  
  199  16:09  Viking  
  190  16:12  Viking  
  188  16:18  Viking  
  188  16:22  Viking  
  192  16:28  Factory  
  192  16:30  Factory  
  140  16:32  Viking  
  174  16:36  Viking  
  162  16:44  Terran Vehicle And Ship Armor Level 2  
  162  16:45  Terran Ship Weapons Level 1  
  162  16:47  Viking x2  
  152  16:48  Viking  
  152  16:52  Viking, Siege Tank  
  159  16:56  Planetary Fortress  
  159  17:02  Viking  
  159  17:04  Siege Tank  
  163  17:13  Refinery  
  163  17:17  Viking x2  
  163  17:19  Factory Tech Lab  
  163  17:21  Liberator  
  171  17:24  Siege Tank  
  174  17:32  Starport  
  174  17:36  Orbital Command, Siege Tank  
  185  17:37  SCV x2  
  185  17:40  Liberator  
  185  17:41  Liberator  
  185  17:42  Liberator  
  190  17:44  Siege Tank  
  190  17:51  Liberator  
  191  17:53  SCV x3  
  191  17:55  Planetary Fortress  
  191  17:56  Siege Tank  
  197  18:05  SCV x2  
  197  18:12  Medivac  
  199  18:26  Command Center, Starport  
  198  18:27  Refinery, Starport  
  198  18:40  Command Center  
  198  18:43  Terran Ship Weapons Level 2  
  198  18:44  Missile Turret  
  198  18:45  Missile Turret x2  
  198  18:47  Missile Turret  
  194  19:03  Siege Tank  
  197  19:16  Marine x4  
  195  19:20  Marine x4  
  195  19:21  Marine  
  195  19:23  Siege Tank  
  191  19:24  Liberator x3  
  186  19:34  Marine x3  
  186  19:35  Marine  
  186  19:36  Siege Tank  
  186  19:38  Marine  
  189  19:40  Marine  
  189  19:41  Marine  
  192  19:51  Liberator  
  177  19:55  Siege Tank  
  177  19:57  Marine  
  177  19:58  Marine x3  
  177  19:59  Marine x5  
  161  20:05  SCV x4  
  155  20:08  Liberator x2, Refinery, Siege Tank  
  155  20:10  Viking  
  166  20:15  Marine x2  
  166  20:17  SCV  
  166  20:19  Orbital Command  
  169  20:23  Refinery, Marine x7  
  169  20:27  Siege Tank  
  179  20:28  SCV  
  179  20:29  Command Center, SCV x3  
  179  20:30  Orbital Command, Starport  
  179  20:31  Starport  
  179  20:33  Starport Reactor x2, Marine x2  
  179  20:34  Viking  
  187  20:40  Viking, Widow Mine  
  187  20:41  Marine x4  
  193  20:46  Marine x2  
  193  20:47  Marine  
  196  20:51  Viking  
  196  20:53  Viking  
  200  21:23  Marine  
  200  21:25  Marine, Siege Tank  
  198  21:31  Marine x2  
  196  21:37  Viking  
  192  21:40  Marine  
  192  21:41  Viking  
  192  21:44  Marine, Siege Tank  
  189  21:48  Marine  
  189  21:49  Marine x6  
  189  21:51  Viking x2  
  200  22:05  Marine  
  191  22:10  Marine  
  191  22:11  Siege Tank  
  191  22:14  Marine x4  
  191  22:15  Marine x2  
  184  22:16  Siege Tank  
  184  22:19  Marine  
  174  22:23  Marine  
  174  22:28  Marine  
  158  22:31  Marine  
  158  22:32  Marine x4  
  158  22:33  Marine  
  148  22:40  Marine  
  104  22:55  Barracks  
Tags
 
Add a new tag
Caveats
  • Supply blocks, unpowered buildings, or Contaminate may cause inaccurate times.
  • Supply counts are checked every 10 seconds.